Map: Oxide LE

Players

Reynor - Winner!

  • Race: Zerg Zerg

cure

  • Race: Terran Terran

Event: TSL 7

VOD

Have the link to the VOD?

Description

Time

  • Played on: June 26, 2021, 8:46 a.m.
  • Length: 6:06

All games in this series

Show
View Real Time Build Order
Export as new Build Order

Reynor Zerg - Winner!

Build Orders: Hatch First 

Get SALT Encoding   

  12  0:01  Drone  
  13  0:12  Overlord  
  13  0:17  Drone  
  14  0:31  Drone x2  
  16  0:48  Hatchery  
  15  0:51  Drone  
  15  0:55  Drone  
  17  0:58  Drone  
  18  1:09  Extractor  
  17  1:14  Spawning Pool  
  17  1:16  Drone  
  17  1:20  Drone  
  18  1:28  Drone  
  19  1:39  Drone  
  20  1:49  Overlord  
  20  2:00  Queen x2  
  24  2:02  Zergling x4  
  24  2:07  Spine Crawler  
  25  2:12  Zergling x2  
  26  2:17  Spore Crawler  
  26  2:20  Metabolic Boost  
  26  2:23  Zergling x2, Drone  
  27  2:33  Overlord  
  27  2:34  Drone  
  27  2:39  Drone  
  27  2:47  Queen  
  27  2:50  Zergling x2  
  30  2:54  Drone  
  31  2:59  Drone x2  
  33  3:06  Drone x2  
  33  3:11  Zergling x4  
  37  3:13  Zergling x2  
  37  3:21  Overlord  
  34  3:27  Zergling x2  
  34  3:28  Zergling x2  
  34  3:31  Drone  
  35  3:37  Zergling x2  
  34  3:43  Zergling x4  
  34  3:45  Drone  
  34  3:47  Drone  
  38  3:51  Drone  
  38  3:54  Drone  
  39  3:58  Drone  
  40  4:04  Queen  
  40  4:05  Drone  
  40  4:09  Drone  
  44  4:17  Drone  
  44  4:23  Drone  
  46  4:28  Drone x2  
  46  4:30  Drone  
  49  4:31  Drone  
  49  4:35  Overlord, Hatchery  
  49  4:40  Drone x2  
  51  4:51  Overlord  
  51  4:53  Queen, Zergling x2  
  51  4:54  Zergling x6  
  58  5:00  Zergling x4  
  58  5:03  Baneling Nest  
  58  5:05  Zergling x2  
  59  5:09  Zergling x8  
  59  5:13  Overlord  
  64  5:21  Drone  
  64  5:22  Drone x2  
  64  5:23  Drone  
  64  5:25  Zergling x2  
  68  5:33  Overlord  
  68  5:34  Drone x3  
  71  5:49  Drone x4  
  71  5:54  Drone x3  
  73  5:56  Extractor  
Show
View Real Time Build Order
Export as new Build Order

cure Terran 

Build Orders:  

Get SALT Encoding   

  12  0:00  SCV  
  13  0:12  SCV  
  14  0:18  Supply Depot  
  14  0:24  SCV  
  15  0:40  Barracks  
  15  0:44  Refinery  
  15  0:59  Barracks  
  15  1:15  Barracks  
  15  1:27  Refinery  
  15  1:29  Reaper  
  16  1:35  SCV  
  17  1:46  Reaper  
  19  2:01  Reaper  
  19  2:08  Reaper  
  19  2:11  Supply Depot  
  20  2:21  Reaper  
  21  2:33  Reaper  
  22  2:43  Reaper, Orbital Command  
  23  2:56  Reaper  
  24  3:05  Supply Depot  
  24  3:06  Reaper  
  24  3:12  SCV  
  26  3:15  Reaper  
  26  3:29  Reaper  
  26  3:30  SCV  
  27  3:38  Reaper  
  26  3:42  SCV  
  26  3:47  Reaper  
  26  3:55  SCV  
  24  4:01  Reaper  
  25  4:06  Command Center  
  25  4:08  SCV  
  26  4:11  Reaper  
  27  4:20  Reaper  
  27  4:22  SCV  
  29  4:34  Reaper, SCV  
  31  4:40  Supply Depot  
  31  4:43  Reaper  
  32  4:46  SCV  
  32  4:52  Reaper  
  34  4:58  SCV  
  35  5:10  SCV  
  35  5:12  Factory  
  36  5:18  Orbital Command  
  36  5:22  SCV  
  37  5:34  SCV  
  38  5:36  Command Center  
  38  5:47  SCV  
Tags
 
Event
TSL 7
Matchup
TvZ
Add a new tag
Caveats
  • Supply blocks, unpowered buildings, or Contaminate may cause inaccurate times.
  • Supply counts are checked every 10 seconds.